 Dungeon Crawl Stone Soup version 0.29-a0-82-g837932c90e (webtiles) character file.

Game seed: 2504562353325914116

22011 HallandMoats the Fighter (level 12, -8/118 HPs)
             Began as a Minotaur Fighter on Feb 4, 2022.
             Was a High Priest of Wu Jian.
             Shot with an arrow by a centaur (10 damage)
             ... led by a centaur warrior
             ... on level 13 of the Dungeon.
             The game lasted 00:22:35 (8734 turns).

HallandMoats the Fighter (Minotaur Fighter)         Turns: 8734, Time: 00:22:35

Health: -8/118     AC: 12    Str: 23    XL:     12   Next: 59%
Magic:  12/12      EV: 15    Int:  5    God:    Wu Jian [*****.]
Gold:   817        SH:  5    Dex: 13    Spells: 11/11 levels left

rFire   . . .      SeeInvis .   b - +10 dagger of Ubrol {speed, rPois rCorr}
rCold   . . .      Faith    .   c - +0 buckler
rNeg    . . .      Spirit   .   z - +0 troll leather armour
rPois   +          Reflect  .   (helmet restricted)
rElec   .          Harm     .   p - +2 cloak
rCorr   +          Rampage  .   m - +0 pair of gloves
Will    .....                   y - +0 pair of boots
Stlth   +.........              k - amulet of regeneration
HPRegen 1.89/turn               B - +4 ring of slaying
MPRegen 0.13/turn               r - +4 ring of slaying

@: mighty
A: horns 2, retaliatory headbutt
a: Renounce Religion, Wall Jump, Serpent's Lash, Heavenly Storm


You were on level 13 of the Dungeon.
You worshipped Wu Jian.
Wu Jian was extremely pleased with you.
You visited 1 branch of the dungeon, and saw 13 of its levels.
You also visited: Ossuary.

You collected 817 gold pieces.

Inventory:

Hand Weapons
 a - a +2 hand axe of flaming
 b - the +10 dagger of Ubrol (weapon) {speed, rPois rCorr}
   (You found it on level 8 of the Dungeon)

   Attacks with this weapon are significantly faster.
   rPois:     It protects you from poison.
   rCorr:     It protects you from acid and corrosion.
 J - a +0 vampiric war axe
 U - a +4 hand axe
 V - a +0 hand axe of venom
Missiles
 j - 5 throwing nets (quivered)
Armour
 c - a +0 buckler (worn)
 m - a +0 pair of gloves (worn)
 p - a +2 cloak (worn)
 y - a +0 pair of boots (worn)
 z - a +0 troll leather armour (worn)
 E - a +1 chain mail of positive energy
 W - a +2 leather armour of poison resistance
Jewellery
 f - a +4 ring of evasion
 k - an amulet of regeneration (around neck)
 r - a +4 ring of slaying (right hand)
 B - a +4 ring of slaying (left hand)
 K - a +6 ring of dexterity
 L - a ring of wizardry
Wands
 C - a wand of paralysis (14)
 T - a wand of acid (3)
Scrolls
 g - 4 scrolls of immolation
 h - 7 scrolls of teleportation
 l - 4 scrolls of vulnerability
 w - 3 scrolls of brand weapon
 x - 2 scrolls of enchant weapon
 A - a scroll of fog
 D - 2 scrolls of magic mapping
 M - a scroll of fear
 R - a scroll of enchant armour
 X - a scroll of amnesia
Potions
 d - 4 potions of might
 e - 5 potions of magic
 i - 2 potions of ambrosia
 o - a potion of flight {unknown}
 q - a potion of resistance {unknown}
 s - a potion of brilliance {unknown}
 t - 4 potions of heal wounds
 u - 6 potions of curing
 v - 7 potions of lignification
 I - 2 potions of haste {unknown}
 N - a potion of invisibility {unknown}
 Q - 3 potions of mutation {unknown}
 S - a potion of berserk rage {unknown}
Miscellaneous
 F - a condenser vane


   Skills:
 * Level 14.8 Fighting
 * Level 14.5 Axes
 + Level 11.1 Armour
 + Level 9.4 Dodging
 - Level 5.0 Shields
 - Level 1.4 Invocations


You had 11 spell levels left.
You didn't know any spells.
Your spell library contained the following spells:

 Spells                   Type           Power      Damage    Failure   Level
 Beastly Appendage        Tmut           0%         N/A       61%         1
 Sting                    Tmut/Pois      0%         1d3       61%         1
 Summon Small Mammal      Summ           0%         N/A       61%         1
 Ensorcelled Hibernation  Hex/Ice        0%         N/A       75%         2
 Passwall                 Tmut/Erth      0%         N/A       75%         2
 Poisonous Vapours        Pois/Air       0%         N/A       75%         2
 Wereblood                Tmut           0%         N/A       75%         2
 Call Canine Familiar     Summ           0%         N/A       93%         3
 Gell's Gravitas          Tloc           0%         N/A       93%         3
 Lesser Beckoning         Tloc           0%         N/A       93%         3
 Spider Form              Tmut/Pois      0%         N/A       93%         3
 Summon Guardian Golem    Hex/Summ       0%         N/A       93%         3
 Swiftness                Air            0%         N/A       93%         3
 Teleport Other           Tloc           0%         N/A       93%         3
 Tukima's Dance           Hex            0%         N/A       93%         3
 Anguish                  Hex/Necr       0%         N/A       100%        4
 Olgreb's Toxic Radiance  Pois           0%         N/A       100%        4
 Passage of Golubria      Tloc           0%         N/A       100%        4
 Blade Hands              Tmut           0%         N/A       100%        5
 Irradiate                Conj/Tmut      0%         3d13      100%        5
 Silence                  Hex/Air        0%         N/A       100%        5
 Dispersal                Tloc           0%         N/A       100%        6
 Dragon Form              Tmut           0%         N/A       100%        7
 Enfeeble                 Hex            0%         N/A       100%        7
 Lehudib's Crystal Spear  Conj/Erth      0%         10d2      100%        8


Dungeon Overview and Level Annotations

Branches:
Dungeon (13/15)            Temple (0/1) D:6            Lair (0/6) D:9
    Orc (0/2) D:12        Ossuary (visited)
 Vaults: D:13-14

Altars:
Vehumet
Wu Jian
Beogh

Annotations:
D:12 2 transporters, lunkers's ghost, journeyman FoEE
D:13 Maurice


Innate Abilities, Weirdness & Mutations

You have a pair of horns on your head.
You reflexively headbutt those who attack you in melee.


Message History

* * * LOW HITPOINT WARNING * * *
The centaur hits you but does no damage.
The centaur kicks you.
* * * LOW HITPOINT WARNING * * *
The centaur hits you.
* * * LOW HITPOINT WARNING * * *
The centaur kicks you but does no damage.
The centaur warrior hits you!
* * * LOW HITPOINT WARNING * * *
The centaur warrior kicks you.
* * * LOW HITPOINT WARNING * * *
You turn to flesh and can move again.
Unknown command.
Unknown command.
Unknown command.
Unknown command.
Unknown command.
Unknown command.
Blink to where?
Press: ? - help, Dir - move target, p - centaur warrior
Found 3 boomerangs.
As you read the scroll of blinking, it crumbles to dust.
The centaur shoots an arrow.
The arrow misses you.
The centaur wields a +2 shortbow of flaming.
It bursts into flame!
The centaur shoots an arrow.
The arrow hits you.
* * * LOW HITPOINT WARNING * * *
The arrow burns you.
* * * LOW HITPOINT WARNING * * *
The centaur wields a +0 shortbow.
The centaur shoots an arrow.
The arrow hits you but does no damage.
The centaur wields a +0 shortbow.
The centaur shoots an arrow.
The arrow misses you.
The centaur wields a +0 shortbow.
The centaur shoots an arrow.
The arrow hits you!
* * * LOW HITPOINT WARNING * * *
The centaur shoots an arrow.
The arrow barely misses you.
The centaur warrior wields a +2 vorpal shortbow.
The centaur warrior shoots an arrow.
The arrow hits you!
* * * LOW HITPOINT WARNING * * *
x2 The centaur shoots an arrow.
The arrow hits you!
You die...

......##....##..........'........
..##..##................#........
####..##...............##...##...
......+................###'##
......##....##..............# .$
......##....##...(...!......#...
..(...).........................
.)######(........................
.. #....##<.@.....c.#....#### ..
#######........cc#...## ..
........?.ccc.....#
............u.c.....#
............cc.....##
...............#..>.#
....................#
(..##..............##
.............


You could see a brown ugly thing, 2 centaur warriors and 7 centaurs.

Vanquished Creatures
  Jorgrun (D:13)
  A slime creature (D:12)
  A boulder beetle (D:11)
  A centaur warrior (D:13)
  A death knight (D:12)
  4 two-headed ogres
  3 cyclopes
  An ugly thing (D:12)
  3 unseen horrors
  7 gargoyles
  A kobold demonologist (D:11)
  A komodo dragon (D:11)
  A polar bear (shapeshifter) (D:13)
  4 trolls
  Prince Ribbit (D:8)
  A wyvern (D:9)
  A shadow (D:12)
  2 wraiths (D:10)
  A vampire (D:10)
  16 yaks
  2 steam dragons
  4 vampire mosquitoes (D:11)
  A water moccasin (D:6)
  A cane toad zombie (D:9)
  2 ice beasts (D:6)
  7 orc warriors
  A sky beast (D:8)
  2 black bears
  10 centaurs
  2 wolves (D:9)
  A phantom (D:5)
  5 kobold brigands
  4 bullfrogs
  A gnoll sergeant (D:10)
  A water moccasin skeleton (D:5)
  3 killer bees (D:7)
  3 wights (D:8)
  4 electric eels (D:9)
  2 howler monkeys
  5 centaur zombies
  2 lava snakes (D:8)
  6 hounds
  A bullfrog zombie (D:5)
  3 human zombies (Ossuary)
  4 jellies
  10 orc priests
  A centaur skeleton (D:7)
  A gnoll shaman (D:7)
  2 iguanas
  Natasha (twice) (D:4)
  13 orc wizards
  3 mummies
  A hound skeleton (D:4)
  A howler monkey zombie (D:6)
  Robin (D:4)
  3 adders
  6 gnolls
  2 shadow imps (D:8)
  2 adder zombies (Ossuary)
  An adder skeleton (D:4)
  2 dart slugs
  57 orcs
  6 ball pythons
  5 endoplasms
  2 giant cockroaches
  6 hobgoblins
  5 jackals
  22 kobolds
  2 quokkas
  6 bats
  2 frilled lizards
  21 goblins
  2 goblin zombies (Ossuary)
  11 hobgoblin zombies (Ossuary)
  A jackal zombie (Ossuary)
  8 kobold zombies (Ossuary)
  8 orc zombies (Ossuary)
  A rat (D:3)
345 creatures vanquished.

Vanquished Creatures (collateral kills)
  A gnoll (D:6)
1 creature vanquished.

Grand Total: 346 creatures vanquished

Notes
Turn   | Place    | Note
-------+----------+-------------------------------------------
     0 | D:1      | HallandMoats the Minotaur Fighter began the quest for the
                  | Orb.
     0 | D:1      | Reached XP level 1. HP: 19/19 MP: 0/0
   295 | D:1      | Reached XP level 2. HP: 25/27 MP: 1/1
   760 | D:2      | Reached XP level 3. HP: 33/33 MP: 2/2
  1249 | D:3      | Reached skill level 1 in Dodging
  1340 | D:3      | Found a faded altar of an unknown god.
  1350 | D:3      | Prayed at the altar of an unknown god.
  1350 | D:3      | Became a worshipper of the Wu Jian Council
  1350 | D:3      | Reached * piety under Wu Jian
  1614 | D:3      | Reached XP level 4. HP: 34/40 MP: 3/3
  1618 | D:4      | Reached skill level 1 in Invocations
  1640 | D:4      | Noticed a centaur
  1647 | D:4      | Killed a centaur
  1648 | D:4      | Reached XP level 5. HP: 38/47 MP: 4/4
  1834 | D:4      | Found a sand-covered staircase.
  1846 | Ossuary  | Entered an ossuary
  1872 | Ossuary  | Reached ** piety under Wu Jian
  1948 | Ossuary  | Reached XP level 6. HP: 55/55 MP: 6/6
  1995 | Ossuary  | Reached skill level 5 in Fighting
  2027 | Ossuary  | Reached skill level 5 in Armour
  2066 | D:4      | Identified the +6 hunting sling of Erint {flame, +Blink}
  2079 | D:4      | Noticed Robin
  2092 | D:4      | Reached *** piety under Wu Jian
  2096 | D:4      | Killed Robin
  2114 | D:4      | Reached skill level 5 in Shields
  2380 | D:4      | Noticed Natasha
  2389 | D:4      | Killed Natasha
  2707 | D:4      | Noticed Natasha
  2713 | D:4      | Killed Natasha
  2836 | D:5      | Entered Level 5 of the Dungeon
  2898 | D:5      | Reached XP level 7. HP: 62/62 MP: 7/7
  2905 | D:5      | Reached skill level 5 in Axes
  3483 | D:6      | Found a staircase to the Ecumenical Temple.
  3540 | D:6      | Reached XP level 8. HP: 70/71 MP: 8/8
  3760 | D:6      | Found a runed translucent door.
  4177 | D:6      | Reached **** piety under Wu Jian
  4205 | D:6      | Found the +7 mace of Variability {chain chaos}
  4288 | D:7      | Reached XP level 9. HP: 71/82 MP: 9/9
  4318 | D:7      | Reached skill level 5 in Dodging
  4528 | D:7      | Found a radiant altar of Vehumet.
  5066 | D:8      | Noticed Prince Ribbit
  5073 | D:8      | Killed Prince Ribbit
  5078 | D:8      | Reached ***** piety under Wu Jian
  5088 | D:8      | Reached skill level 10 in Fighting
  5101 | D:8      | Identified the +10 dagger of Ubrol {speed, rPois rCorr}
  5565 | D:9      | Noticed a cyclops
  5569 | D:9      | Noticed a troll
  5570 | D:9      | Noticed a cyclops
  5570 | D:9      | Noticed a troll
  5636 | D:9      | Reached XP level 10. HP: 62/93 MP: 10/10
  5637 | D:9      | Reached skill level 10 in Axes
  5638 | D:9      | Killed a cyclops
  5638 | D:9      | Killed a cyclops
  5995 | D:9      | Found a staircase to the Lair.
  6426 | D:9      | Noticed a gargoyle
  6430 | D:9      | Killed a gargoyle
  6438 | D:9      | Noticed a gargoyle
  6441 | D:9      | Killed a gargoyle
  6451 | D:9      | Noticed a gargoyle
  6455 | D:9      | Killed a gargoyle
  6461 | D:9      | Noticed a gargoyle
  6469 | D:9      | Killed a gargoyle
  6482 | D:9      | Noticed a gargoyle
  6486 | D:9      | Killed a gargoyle
  6487 | D:9      | Reached XP level 11. HP: 90/104 MP: 11/11
  6514 | D:10     | Entered Level 10 of the Dungeon
  6657 | D:10     | Noticed a two-headed ogre
  6665 | D:10     | Killed a two-headed ogre
  7409 | D:11     | Reached skill level 10 in Armour
  7511 | D:11     | Noticed a boulder beetle
  7538 | D:11     | Killed a boulder beetle
  7854 | D:12     | Reached XP level 12. HP: 46/116 MP: 12/12
  7961 | D:12     | Found a staircase to the Orcish Mines.
  8036 | D:12     | Noticed a death knight
  8043 | D:12     | Killed a death knight
  8140 | D:12     | Noticed a two-headed ogre
  8140 | D:12     | Noticed a two-headed ogre
  8147 | D:12     | Killed a two-headed ogre
  8152 | D:12     | Killed a two-headed ogre
  8226 | D:12     | Noticed a two-headed ogre
  8237 | D:12     | Killed a two-headed ogre
  8341 | D:12     | Found a transporter.
  8358 | D:12     | Found a transporter.
  8359 | D:12     | Noticed lunkers's ghost (journeyman FoEE)
  8657 | D:13     | Noticed a centaur warrior
  8667 | D:13     | Killed a centaur warrior
  8714 | D:13     | Noticed Jorgrun
  8718 | D:13     | Noticed a centaur warrior
  8724 | D:13     | Noticed a centaur warrior
  8725 | D:13     | Killed Jorgrun
  8726 | D:13     | Noticed Maurice
  8734 | D:13     | HP: 5/118 [centaur warrior/arrow (8)]
  8734 | D:13     | HP: 2/118 [centaur warrior/arrow (3)]
  8734 | D:13     | Shot with an arrow by a centaur

Illustrated notes

Levels and vault maps discovered:
D:1:      giann_bridges, layout_rooms, minmay_misc_feat_tiny
D:2:      layout_rooms
D:3:      layout_basic, hellmonk_ecumenical_altar_run_dry
D:4:      layout_cave_pods, gup_ossuary_entry_pyramid,
          chequers_serial_rivers_room_b, uniq_robin, uniq_natasha
D:5:      layout_basic
D:6:      cheibrodos_helix_gallery, layout_basic, lemuel_temple_firewalk_b,
          lightli_church_of_beogh
D:7:      layout_gridville, nicolae_vehumet_radiance
D:8:      layout_cave_pools, grunt_decor_junction, uniq_prince_ribbit1
D:9:      cheibrodos_statue_roulette, layout_basic, erik_lair_island,
          minmay_mirror_moons_of_madness
D:10:     layout_basic, minmay_fractal_squares_diagonal_5
D:11:     layout_cave_pools
D:12:     layout_roguey, david_orc_5, gammafunk_ghost_hive
D:13:     layout_gridville, grunt_vaults_entry_fortified, uniq_maurice,
          uniq_jorgrun, uniq_sonja

Skill      XL: |  1  2  3  4  5  6  7  8  9 10 11 12 |
---------------+-------------------------------------+-----
Fighting       | 4 5 6 8 10 12 13 14 | 14.8
Shields        | 4 5 |  5.0
Axes           | 3 4 6 7 9 11 13 14 | 14.5
Armour         | 4 5 6 7 9 10 11 | 11.1
Dodging        | 1 2 3 4 6 7 8 9 |  9.4
Invocations    | 1 |  1.4

Action                   |  1- 3 |  4- 6 |  7- 9 | 10-12 || total
-------------------------+-------+-------+-------+-------++-------
Melee: War axe           |    53 |    89 |    21 |       ||   163
       Headbutt          |     9 |    19 |    44 |   111 ||   183
       Short sword       |    19 |    46 |    91 |       ||   156
       Hand axe          |       |       |    91 |       ||    91
       Dagger            |       |       |    19 |   389 ||   408
Invok: Lunge             |     1 |     9 |    23 |    24 ||    57
       Whirlwind         |       |     1 |     5 |     2 ||     8
       Heavenly Storm    |       |       |       |     1 ||     1
       Serpent's Lash    |       |       |       |     1 ||     1
Evoke: Wand              |       |       |       |     8 ||     8
  Use: Scroll            |       |       |    17 |     4 ||    21
       Potion            |       |       |       |     1 ||     1
Armor: Scale mail        |    24 |    31 |    57 |       ||   112
       Leather armour    |       |       |    15 |    10 ||    25
       Troll leather arm |       |       |       |   138 ||   138
Dodge: Dodged            |    58 |    74 |   102 |   216 ||   450
Block: Buckler           |    12 |    24 |    50 |    57 ||   143

Table legend: (Time is in decaauts)
 A = Elapsed time spent in this place.
 B = Non-inter-level travel time spent in this place.
 C = Inter-level travel time spent in this place.
 D = Time resting spent in this place.
 E = Time spent auto-exploring this place.
 F = Levels seen in this place.
 G = Mean time per level.
                   A        B        C        D        E       F      G
               +--------+--------+--------+--------+--------+-----+--------+
         Total |   8696 |   8213 |    483 |    123 |   5930 |  14 |  621.1 |
       Dungeon |   8458 |   7975 |    483 |    123 |   5866 |  13 |  650.6 |
       Ossuary |    237 |    237 |      0 |      0 |     64 |   1 |  237.0 |
               +--------+--------+--------+--------+--------+-----+--------+

Top non-repeatable levels by time:
     D:9: 1057 daAuts
     D:4: 968 daAuts
     D:6: 853 daAuts
    D:12: 773 daAuts
     D:5: 678 daAuts
    D:10: 671 daAuts
     D:3: 646 daAuts
     D:7: 617 daAuts
     D:1: 615 daAuts
    D:11: 556 daAuts
     D:8: 458 daAuts
     D:2: 442 daAuts
 Ossuary: 237 daAuts
    D:13: 119 daAuts
